 Dungeon Crawl Stone Soup version 0.20.1-1-g8b1a95d (webtiles) character file.

2641 Nattfarinn the Fighter (level 9, -12/93 HPs)
             Began as a Gargoyle Berserker on Aug 4, 2017.
             Was a Priest of Trog.
             Mangled by a white ugly thing (34 damage)
             ... on level 7 of the Dungeon.
             The game lasted 00:10:07 (6145 turns).

Nattfarinn the Fighter (Gargoyle Berserker)         Turns: 6145, Time: 00:10:09

Health: -12/93     AC: 21    Str: 25    XL:     9   Next: 61%
Magic:  9/9        EV:  8    Int:  9    God:    Trog [***...]
Gold:   371        SH:  0    Dex: 12    Spells: 8/8 levels left

rFire    + . .     SeeInvis .   h - +2 whip (holy)
rCold    x . .     Gourm    .   (no shield)
rNeg     + . .     Faith    .   e - +0 plate armour
rPois    ∞         Spirit   .   (no helmet)
rElec    +         Reflect  .   s - +0 cloak
rCorr    .         Harm     .   (no gloves)
MR       ++...                  (no boots)
Stlth    ..........             (no amulet)
Regen    1.3/turn               o - ring of fire
MPRegen  0.2/turn               (no ring)

@: berserking (expiring), regenerating, very quick
A: negative energy resistance 1, electricity resistance, unbreathing,
petrification resistance, rot immunity, AC +5
a: Berserk, Trog's Hand, Burn Spellbooks, Renounce Religion


You were on level 7 of the Dungeon.
You worshipped Trog.
Trog was most pleased with you.
You were not hungry.

You visited 1 branch of the dungeon, and saw 7 of its levels.
You also visited: Sewer.

You collected 371 gold pieces.

Inventory:

Hand Weapons
 a - a +0 mace
 f - a +1 whip of freezing
 h - a +2 whip of holy wrath (weapon)
Armour
 b - a +0 animal skin
 e - a +0 plate armour (worn)
 s - a +0 cloak (worn)
Jewellery
 o - a ring of fire (left hand)
 w - an uncursed ring of protection from magic {unknown}
Wands
 C - a wand of paralysis (1/24)
 F - a wand of random effects (19/48)
Scrolls
 d - 12 scrolls of identify {unknown}
 g - 3 scrolls of teleportation {unknown}
 j - 4 scrolls of enchant weapon {unknown}
 k - 5 scrolls of amnesia {unknown}
 l - a scroll of noise {unknown}
 p - 6 scrolls of remove curse {unknown}
 q - 2 scrolls of fog {unknown}
 y - a scroll of enchant armour {unknown}
 z - 3 scrolls of fear {unknown}
 B - a scroll of recharging {unknown}
Potions
 i - 2 potions of might {unknown}
 m - 2 potions of agility {unknown}
 n - 8 potions of curing
 r - a potion of mutation {unknown}
 t - a potion of lignification {unknown}
 u - 3 potions of haste {unknown}
 x - a potion of resistance {unknown}
 D - 2 potions of flight {unknown}
Comestibles
 c - 6 bread rations
 v - a fruit
 A - 2 meat rations


   Skills:
 - Level 10.2 Fighting
 * Level 3.8 Maces & Flails
 - Level 10.0 Armour
 - Level 1.5 Dodging


You had 8 spell levels left.
You didn't know any spells.

Dungeon Overview and Level Annotations

Branches:
Dungeon (7/15)             Temple (0/1) D:7

Altars:
Dithmenos
Makhleb
Zin
Lugonu


Innate Abilities, Weirdness & Mutations

You are resistant to torment.
Your stone body is resilient. (AC +5)
You are immune to poison.
You resist negative energy. (rN+)
You are resistant to electric shocks. (rElec)
You can survive without breathing.
You are immune to petrification.
You are immune to rotting.


Message History

You feel a terrible chill!
You hit the white ugly thing.
The white ugly thing is severely wounded.
Something hits you but does no damage.
Deactivating autopickup; reactivate with Ctrl-A.
The white ugly thing gores you but does no damage.
The purple ugly thing stings you.
* * * LOW HITPOINT WARNING * * *
You are too berserk!
You whack the white ugly thing!
The white ugly thing is severely wounded.
The white ugly thing stings you but does no damage.
You hit the white ugly thing.
The white ugly thing is almost dead.
Something hits you.
* * * LOW HITPOINT WARNING * * *
The white ugly thing gores you.
* * * LOW HITPOINT WARNING * * *
The white ugly thing freezes you!!
You feel a terrible chill!
You die...

...# #.#.....# ...# ....
##.#.....# ##'### .}[).
###..#.....# .....# ./_$.
#....#.....# ....## .$$$.#
###..#.....# ...##
....x#####.#.....# ...#
###..x.###.#.....# ...#
####xuu.##.#.....# ...#
####.u@.##.#.....# ####
#.###..###.#.....# ...##
##©########.#.....# ....###
#...######..#.....#
....>.####..###......#..((.#
.....................'....(#
..................####)#(..#
..................# #..#(..#
...............#### ##.#(..#


You could see 3 ugly things and 3 small abominations.

Vanquished Creatures
  A spriggan (D:7)
  A hungry ghost (D:7)
  A water moccasin (D:5)
  2 ice beasts
  An ogre (D:5)
  2 phantoms
  A centaur (D:7)
  A big kobold (Sewer)
  A water moccasin skeleton (D:5)
  3 small abominations (D:7)
  A wyvern skeleton (D:6)
  3 scorpions
  A killer bee (D:7)
  2 howler monkeys
  6 crimson imps
  2 bullfrog skeletons
  A centaur skeleton (D:5)
  A hound (D:5)
  2 orc wizards (D:3)
  Natasha (D:2)
  An iguana (D:4)
  3 worker ants
  A hound zombie (D:5)
  A hound skeleton (D:6)
  A howler monkey skeleton (D:6)
  7 adders
  2 river rats (Sewer)
  A shadow imp (D:6)
  An ooze (D:2)
  A worm (D:3)
  A dart slug (D:3)
  2 leopard geckos
  10 orcs
  3 giant cockroaches
  6 hobgoblins
  7 jackals
  2 quokkas (D:3)
  6 ball pythons
  8 bats
  2 frilled lizards
  10 goblins
  9 kobolds
  A leopard gecko zombie (D:6)
  A quokka zombie (D:7)
  12 rats
133 creatures vanquished.

Vanquished Creatures (collateral kills)
  An orc warrior (D:7)
  An ogre (D:7)
  A gnoll sergeant (D:7)
  2 killer bees (D:7)
  2 orc priests (D:7)
  A small abomination (D:7)
  4 gnolls (D:7)
  10 orcs (D:7)
22 creatures vanquished.

Vanquished Creatures (others)
  Natasha (D:2)
1 creature vanquished.

Grand Total: 156 creatures vanquished

Notes
Turn   | Place    | Note
-------+----------+-------------------------------------------
     0 | D:1      | Nattfarinn the Gargoyle Berserker began the quest for the Orb.
     0 | D:1      | Reached XP level 1. HP: 14/14 MP: 1/1
   224 | D:1      | Reached XP level 2. HP: 17/20 MP: 2/2
   742 | D:2      | Reached XP level 3. HP: 24/24 MP: 3/3
   863 | D:2      | Noticed Natasha
   867 | D:2      | Reached ** piety under Trog
   873 | D:2      | Killed Natasha
   873 | D:2      | Reached skill level 5 in Fighting
   964 | D:2      | Reached XP level 4. HP: 30/31 MP: 4/4
  1270 | D:2      | Noticed Natasha
  1286 | D:2      | Killed Natasha
  1657 | D:3      | Reached XP level 5. HP: 36/36 MP: 5/5
  1906 | D:3      | Found a shadowy altar of Dithmenos.
  2339 | D:4      | Reached XP level 6. HP: 22/44 MP: 6/6
  3043 | D:5      | Entered Level 5 of the Dungeon
  3070 | D:5      | Reached *** piety under Trog
  3100 | D:5      | Noticed a phantom
  3111 | D:5      | Killed a phantom
  3133 | D:5      | Reached XP level 7. HP: 50/50 MP: 7/7
  3538 | D:5      | Reached skill level 10 in Fighting
  3538 | D:5      | Reached XP level 8. HP: 39/57 MP: 8/8
  4172 | D:6      | Reached skill level 5 in Armour
  4212 | D:6      | Found a glowing drain.
  4243 | Sewer    | Entered a sewer
  4456 | Sewer    | Reached **** piety under Trog
  4482 | Sewer    | Found a white marble altar of Elyvilon.
  5049 | D:7      | Reached XP level 9. HP: 61/62 MP: 9/9
  5312 | D:7      | Found a transporter.
  5941 | D:7      | Found a staircase to the Ecumenical Temple.
  6005 | D:7      | Found a burning altar of Makhleb.
  6005 | D:7      | Found a glowing silver altar of Zin.
  6006 | D:7      | Noticed an angel
  6006 | D:7      | Noticed a blizzard demon
  6123 | D:7      | Found a corrupted altar of Lugonu.
  6123 | D:7      | Noticed a purple ugly thing
  6126 | D:7      | Noticed a white ugly thing
  6127 | D:7      | Noticed a brown ugly thing
  6137 | D:7      | Reached skill level 10 in Armour
  6145 | D:7      | Mangled by a white ugly thing

Skill      XL: |  1  2  3  4  5  6  7  8  9 |
---------------+----------------------------+-----
Fighting       | 4 5 6 7 8 10 | 10.2
Armour         | 7 10 | 10.0
Maces & Flails | |  3.8
Dodging        | |  1.5

Action                   |  1- 3 |  4- 6 |  7- 9 || total
-------------------------+-------+-------+-------++-------
Melee: Mace              |    47 |       |       ||    47
       Whip              |    59 |   254 |   475 ||   788
Invok: Berserk           |       |     1 |     2 ||     3
       Burn Spellbooks   |       |       |     1 ||     1
       Brothers in Arms  |       |       |     3 ||     3
       Trog's Hand       |       |       |     2 ||     2
  Use: Potion            |       |       |     1 ||     1
  Eat: Chunk             |       |     6 |    11 ||    17
       Royal jelly       |       |     1 |     3 ||     4
       Bread ration      |       |       |     1 ||     1
Armor: Plate armour      |    63 |   206 |   322 ||   591
       Animal skin       |     3 |       |       ||     3
Dodge: Dodged            |    53 |    86 |   151 ||   290
